 Dungeon Crawl Stone Soup version 0.13-a0-1590-g33f0eee (webtiles) character file.

1289 Koal the Chiller (level 8, 0/57 HPs)
             Began as a Ghoul Ice Elementalist on June 13, 2013.
             Was a Follower of Kikubaaqudgha.
             Slain by Bastard's ghost (15 damage)
             ... on Level 6 of the Dungeon.
             The game lasted 00:43:43 (7852 turns).

Koal the Chiller (Ghoul Ice Elementalist)           Turns: 7852, Time: 00:43:45

HP   0/57        AC  3     Str 12      XL: 8   Next: 23%
MP   0/12        EV 12     Int 15      God: Kikubaaqudgha [*.....]
Gold 259         SH  0     Dex  9      Spells:  3 memorised,  5 levels left

Res.Fire  : . . .   See Invis. : .   a - +0,+1 mace
Res.Cold  : + . .   Warding    : +   s - +1 robe
Life Prot.: + + +   Conserve   : .   (no shield)
Res.Poison: +       Res.Corr.  : .   (no helmet)
Res.Elec. : .       Clarity    : .   (no cloak)
Sust.Abil.: . .     Spirit.Shd : .   (no gloves)
Res.Mut.  : .       Stasis     : .   (no boots)
Res.Rott. : +       Flight     : .   f - amulet of warding {unknown}
Saprovore : + + +                    e - ring of teleport control
                                     g - +3 ring of intelligence

@: rotting, slightly resistant to hostile enchantments, unstealthy
A: rotting body, claws 1, carnivore 3, cold resistance 1, life protection 3,
poison resistance, saprovore 3, slow healing 1, torment resistance, unbreathing
a: Receive Corpses, Renounce Religion, Evoke Teleport Control


You were on level 6 of the Dungeon.
You worshipped Kikubaaqudgha.
Kikubaaqudgha was pleased with you.
You were not hungry.

You visited 2 branches of the dungeon, and saw 7 of its levels.

You collected 239 gold pieces.

Inventory:

Hand weapons
 a - a +0,+1 mace (weapon)
 y - the +1,+7 quarterstaff of Smiut {flame, +Fly rC++ Dex-1, unknown}
   (You found it on level 6 of the Dungeon)

   It emits flame when wielded, causing extra injury to most foes and up to
   double damage against particularly susceptible opponents.
   It affects your dexterity (-1).
   It greatly protects you from cold.
   It lets you fly.
Missiles
 c - 28 darts
 h - 47 poisoned needles
 p - 4 exploding darts
 q - 11 steel darts
 A - 5 javelins of returning (quivered)
 Z - 18 stones
Armour
 s - a +1 robe (worn)
Comestibles
 k - a chunk of bat flesh
 n - 3 chunks of worker ant flesh
 w - a rotting chunk of kobold flesh
 z - a chunk of kobold flesh
 B - 3 meat rations
 C - a slice of pizza
Scrolls
 j - 6 scrolls of remove curse
 r - 5 scrolls of fear
 x - 2 scrolls of teleportation
 D - 2 scrolls of magic mapping
Jewellery
 e - a ring of teleport control (right claw)
 f - an amulet of warding (around neck) {unknown}
 g - a +3 ring of intelligence (left claw)
 l - an uncursed amulet of the gourmand
Potions
 d - 3 potions of curing
 i - a potion of invisibility {unknown}
 u - 2 potions of agility
 v - a potion of resistance {unknown}
 E - a potion of heal wounds {unknown}
Books
 b - a book of Frost

   Spells                             Type                      Level
   *Freeze                            Ice                          1
   Throw Frost                        Conjuration/Ice              2
   *Ozocubu's Armour                  Charms/Ice                   3
   Throw Icicle                       Conjuration/Ice              4
   Summon Ice Beast                   Ice/Summoning                4
   Condensation Shield                Ice                          4
 t - Kikubaaqudgha's Volume of Evil Rites
   (Kikubaaqudgha gifted it to you on level 6 of the Dungeon)

   Spells                             Type                      Level
   Pain                               Necromancy                   1
   Lethal Infusion                    Charms/Necromancy            2
   *Corpse Rot                        Necromancy                   2
   Regeneration                       Charms/Necromancy            3
   Control Undead                     Necromancy                   4


   Skills:
 + Level 5.2 Maces & Flails
 - Level 1.7 Dodging
 - Level 2.1 Stealth
 - Level 2.4 Spellcasting
   Level 0.7 Conjurations
 - Level 2.1 Charms
 - Level 7.0 Ice Magic


You had 5 spell levels left.
You knew the following spells:

 Your Spells              Type           Power        Failure   Level  Hunger
a - Freeze                Ice            ###.         1%          1    #......
b - Ozocubu's Armour      Chrm/Ice       ###.......   12%         3    ####...
c - Corpse Rot            Necr           N/A          34%         2    ##.....


Dungeon Overview and Level Annotations

Branches:
Dungeon (6/27)             Temple (1/1) D:4
    Orc: D:6-11

Altars:
Ashenzari
Cheibriados
Elyvilon
Fedhas
Kikubaaqudgha
Makhleb
Nemelex Xobeh
Sif Muna
Trog
Vehumet
Xom
Yredelemnul
the Shining One

Annotations
D:6 Bastard's ghost, experienced DjGl


Innate Abilities, Weirdness & Mutations

Your body is rotting away.
You have sharp fingernails.
You are carnivorous and can eat meat at any time.
Your flesh is cold resistant.
You are immune to negative energy.
Your system is resistant to poisons.
You thrive on rotten meat.
You heal slowly.
You are immune to unholy pain and torment.
You can survive without breathing.


Message History

Casting: Freeze
Confirm with . or Enter, or press ? or * to list all spells.
Aiming: Freeze
Press: ? - help, Shift-Dir - straight line, f/p - Bastard's ghost
Aim: Bastard's ghost (almost destroyed)
You freeze Bastard's ghost.
Bastard's ghost is frozen!
Bastard's ghost is almost destroyed.
Bastard's ghost hits you!
You feel your power leaking away.
Casting: Freeze
Confirm with . or Enter, or press ? or * to list all spells.
You don't have enough magic to cast that spell.
Eat one of 2 rotting chunks of kobold flesh? (ye/n/q/i?) This rotting flesh tastes delicious!
Bastard's ghost hits you!
You are electrocuted!
* * * LOW HITPOINT WARNING * * *
You continue eating.
Bastard's ghost hits you!
You die...
Kikubaaqudgha rasps: "You have failed me!
Welcome... oblivion!"

.... ..........
............
..............
................ .......
.....:..................
........................
>........................
.......)@p.......#......#
.........#........#.....#
....#.####..............
....$. ##...........#...
....# #................
..# ##..........##... #
#..........####.#
##........### ###
##....>....## ##


You could see Bastard's ghost.

Vanquished Creatures
  The ghost of bmfx the Sneak, an average HECK of Kikubaaqudgha (D:5)
  2 ogres
  A giant frog (D:6)
  A giant frog skeleton (D:4)
  2 crimson imps (D:5)
  A hound (D:4)
  2 orc priests
  3 worker ants
  2 orc wizards (D:4)
  A scorpion (D:4)
  A jelly (D:5)
  9 adders
  2 giant mites
  A worm (D:6)
  A giant eyeball (D:4)
  3 giant geckos
  2 oozes
  14 orcs
  3 ball pythons
  13 hobgoblins
  6 jackals
  10 kobolds
  3 quokkas
  15 bats
  7 giant cockroaches
  4 giant newts
  13 goblins
  A jackal skeleton (D:5)
  A kobold skeleton (D:4)
  10 rats
135 creatures vanquished.

Vanquished Creatures (others)
  A goblin (D:5)
1 creature vanquished.

Grand Total: 136 creatures vanquished

Notes
Turn   | Place    | Note
--------------------------------------------------------------
     0 | D:1      | Koal, the Ghoul Ice Elementalist, began the quest for the Orb.
     0 | D:1      | Reached XP level 1. HP: 14/14 MP: 3/3
   388 | D:1      | Reached XP level 2. HP: 14/20 MP: 4/4
   453 | D:1      | Reached skill level 4 in Ice Magic
  1077 | D:1      | Reached XP level 3. HP: 26/26 MP: 5/5
  1617 | D:2      | Learned a level 3 spell: Ozocubu's Armour
  1679 | D:2      | Reached skill level 1 in Maces & Flails
  2035 | D:2      | Reached XP level 4. HP: 31/33 MP: 3/6
  2256 | D:2      | Reached skill level 5 in Ice Magic
  2387 | D:3      | Found a sparkling altar of Nemelex Xobeh.
  2548 | D:3      | Reached XP level 5. HP: 38/38 MP: 4/7
  2814 | D:3      | Noticed an ogre
  2845 | D:3      | HP: 1/38 [ogre/giant club (13)]
  2851 | D:3      | Killed an ogre
  3262 | D:3      | Reached XP level 6. HP: 44/44 MP: 8/8
  3452 | D:3      | Reached skill level 6 in Ice Magic
  4055 | D:4      | Found a staircase to the Ecumenical Temple.
  4065 | Temple   | Entered the Ecumenical Temple
  4254 | Temple   | Became a worshipper of Kikubaaqudgha
  4996 | D:4      | Reached XP level 7. HP: 13/50 MP: 1/8
  5533 | D:5      | Entered Level 5 of the Dungeon
  5691 | D:5      | Noticed bmfx's ghost (average HECK)
  5693 | D:5      | Reached skill level 7 in Ice Magic
  5774 | D:4      | Reached skill level 1 in Charms
  6761 | D:5      | Found a basalt altar of Yredelemnul.
  7098 | D:5      | Paralysed by bmfx's ghost for 4 turns
  7102 | D:5      | Killed bmfx's ghost
  7102 | D:5      | Reached XP level 8. HP: 25/57 MP: 1/11
  7545 | D:5      | Reached skill level 5 in Maces & Flails
  7738 | D:6      | Got a crude quarterstaff
  7755 | D:6      | Acquired Kikubaaqudgha's first power
  7755 | D:6      | Received a gift from Kikubaaqudgha
  7756 | D:6      | Identified Kikubaaqudgha's Volume of Evil Rites (Kikubaaqudgha gifted it to you on level 6 of the Dungeon)
  7760 | D:6      | Learned a level 2 spell: Corpse Rot
  7835 | D:6      | Noticed Bastard's ghost (experienced DjGl)
  7852 | D:6      | Slain by Bastard's ghost

Action                   |  1- 3 |  4- 6 |  7- 9 || total
-------------------------+-------+-------+-------++-------
Melee: Unarmed           |     9 |       |       ||     9
       Mace              |    36 |    77 |    53 ||   166
Throw: Dart              |    99 |   112 |    57 ||   268
       Javelin           |       |       |    22 ||    22
 Cast: Freeze            |    57 |    89 |    81 ||   227
       Ozocubu's Armour  |       |       |     5 ||     5
  Use: Scroll            |       |     6 |    11 ||    17
       Potion            |       |     1 |       ||     1
 Stab: Sleeping          |     2 |     1 |     1 ||     4
       Distracted        |       |       |     1 ||     1
